 Dungeon Crawl Stone Soup version 0.29-a0-506-ga2e7fffb44 (webtiles) character file.

Game seed: 377253963642673086

79 bande the Covered (level 4, -3/29 HPs)
             Began as a Gargoyle Fighter on May 29, 2022.
             Slain by Crazy Yiuf
             ... wielding a +2 quarterstaff of chaos
              (14 damage)
             ... on level 3 of the Dungeon.
             The game lasted 00:03:03 (2532 turns).

bande the Covered (Gargoyle Fighter)                Turns: 2532, Time: 00:03:04

Health: -3/29      AC: 15    Str: 20    XL:     4   Next: 37%
Magic:  4/4        EV:  9    Int:  8    God:
Gold:   73         SH:  4    Dex: 11    Spells: 3/3 levels left

rFire   . . .      SeeInvis .   a - +1 war axe
rCold   + . .      Faith    .   c - +0 buckler
rNeg    + . .      Spirit   .   b - +0 scale mail
rPois   ∞          Reflect  .   g - +1 hat
rElec   +          Harm     .   (no cloak)
rCorr   .          Rampage  .   (no gloves)
Will    .....                   m - +1 pair of boots
Stlth   ..........              (no amulet)
HPRegen 0.09/turn               f - ring of protection from cold
MPRegen 0.09/turn               (no ring)

@: mighty, invisible
A: sickness immunity, AC +3, negative energy resistance 1, electricity
resistance, torment resistance 1, petrification resistance, iridescent scales 1
a: no special abilities


You were on level 3 of the Dungeon.
You visited 1 branch of the dungeon, and saw 3 of its levels.

You collected 73 gold pieces.

Inventory:

Hand Weapons
 a - a +1 war axe (weapon)
 h - the +6 mace of Anger {vorpal, rN+++ Will- rCorr Str-2}
   (You found it on level 3 of the Dungeon)

   It inflicts extra damage upon your enemies.
   Str:       It affects your strength (-2).
   rN:        It renders you almost immune to negative energy.
   rCorr:     It protects you from acid and corrosion.
   Will:      It decreases your willpower.
Armour
 b - a +0 scale mail (worn)
 c - a +0 buckler (worn)
 g - a +1 hat (worn)
 m - a +1 pair of boots (worn)
Jewellery
 f - a ring of protection from cold (left hand)
Scrolls
 j - a scroll of identify
 k - a scroll of immolation {unknown}
Potions
 d - 3 potions of might
 e - a potion of heal wounds {unknown}
 i - a potion of flight


   Skills:
 + Level 3.8 Fighting
 + Level 2.9 Axes
 + Level 3.9 Armour
 + Level 3.7 Shields


You had 3 spell levels left.
You didn't know any spells.
Your spell library contained the following spells:

 Spells                   Type           Power      Damage    Failure   Level
 Apportation              Tloc           0%         N/A       85%         1
 Alistair's Intoxication  Tmut/Pois      0%         N/A       100%        5


Dungeon Overview and Level Annotations

Branches:
Dungeon (3/15)

Altars:

Annotations:
D:3 Crazy Yiuf


Innate Abilities, Weirdness & Mutations

You are immune to sickness and miasma.
Your stone body is resilient. (AC +3)
You are immune to poison.
You resist negative energy. (rN+)
You are resistant to electric shocks. (rElec)
You are resistant to unholy torment.
You are immune to petrification.
You are partially covered in iridescent scales. (AC +2)


Message History

No target in view!
No target in view!
No target in view!
No target in view!
No target in view!
d - 3 potions of might (gained 1)
There is a stone staircase leading up here.
k - a scroll labelled UME WEYNOM Crazy Yiuf shouts!
Crazy Yiuf whimpers, "Earwax snail meccalolo!"
Crazy Yiuf cries, "You leg down broken song, no?"
Could not explore, unopened runed door.
You open the door. You hit Crazy Yiuf but do no damage.
Crazy Yiuf hits you but does no damage.
You fade into invisibility!
You barely miss Crazy Yiuf.
Crazy Yiuf hits you with a +2 quarterstaff of chaos.
You fade further into invisibility.
Crazy Yiuf hits you with a +2 quarterstaff of chaos.
You catch the helpless Crazy Yiuf completely off-guard!
You slash Crazy Yiuf!
Crazy Yiuf is heavily wounded.
Crazy Yiuf cries, "Shadow!"
You block Crazy Yiuf's attack.
You hit Crazy Yiuf.
Crazy Yiuf is heavily wounded.
Crazy Yiuf barely misses you.
You closely miss Crazy Yiuf.
Crazy Yiuf is heavily wounded.
Crazy Yiuf twirls on the spot.
You block Crazy Yiuf's attack.
Crazy Yiuf hits you with a +2 quarterstaff of chaos!
You feel very mighty all of a sudden.
You closely miss Crazy Yiuf.
Crazy Yiuf is heavily wounded.
Crazy Yiuf closely misses you.
You barely miss Crazy Yiuf.
Crazy Yiuf is heavily wounded.
Crazy Yiuf hits you with a +2 quarterstaff of chaos!
You die...

.# #.#
#.......####### #
.# #.#
######..#########
.# #.#
###......... .#
#.# #####
###.######## .#
#.# #..)#
#...[...### .#
#.# #...#
#.........# ##
#.# ...
##..###.#.# #.#
#g# #......#.#
#.# ♣♣@♣
#...#..#.# #.#
♣.♣♣ ##...#....##
##### #.# ♣♣.♣
#..#####....
....# #.# ♣.♣♣
##...#......
###.# #.# ♣♣.♣♣
#.#..#.###.# #.#
#.# ♣...♣♣
####...# #.# #.#
#.# ♣....♣
#.#.#.## #># #.#
###.# #....#
##.##.# #.# #.#
#...###....#
######.# #.#


You could see Crazy Yiuf (can't see you).

Vanquished Creatures
  2 adders (D:2)
  A worm (D:2)
  3 dart slugs
  An orc (D:3)
  3 endoplasms
  A giant cockroach (D:3)
  A goblin (D:3)
  5 hobgoblins
  3 jackals (D:1)
  5 kobolds
  6 quokkas
  4 ball pythons
  3 bats
  6 frilled lizards
  5 rats
49 creatures vanquished.

Vanquished Creatures (others)
  7 toadstools (D:1)
7 creatures vanquished.

Grand Total: 56 creatures vanquished

Notes
Turn   | Place    | Note
-------+----------+-------------------------------------------
     0 | D:1      | bande the Gargoyle Fighter began the quest for the Orb.
     0 | D:1      | Reached XP level 1. HP: 14/14 MP: 1/1
   230 | D:1      | Reached XP level 2. HP: 19/19 MP: 2/2
   338 | D:1      | Found a faded altar of an unknown god.
  1054 | D:2      | Reached XP level 3. HP: 23/23 MP: 3/3
  1267 | D:2      | Gained mutation: You are partially covered in iridescent
                  | scales. (AC +2) [potion of mutation]
  1585 | D:2      | Reached XP level 4. HP: 29/29 MP: 4/4
  1897 | D:3      | Identified the +6 mace of Anger {vorpal, rN+++ Will- rCorr
                  | Str-2}
  2325 | D:3      | Found a runed translucent door.
  2326 | D:3      | Noticed Crazy Yiuf
  2532 | D:3      | Slain by Crazy Yiuf

Illustrated notes

Levels and vault maps discovered:
D:1:      nagdon_arrival_double_spiral, layout_basic,
          shapermc_ecumenical_altar_venn
D:2:      layout_loops_ring, serial_glass, glass_columns_b, glass_columns_b,
          item_on_display_b, kennysheep_doodads, nrook_uturn
D:3:      layout_loops_ring, serial_park_tiny_pond, item_on_display_b,
          uniq_crazy_yiuf_cottage

Skill      XL: |  1  2 |
---------------+-------+-----
Axes           | 2 |  2.9
Fighting       | |  3.8
Armour         | |  3.9
Shields        | |  3.7

Action                   |  1- 3 |  4- 6 || total
-------------------------+-------+-------++-------
Melee: War axe           |    76 |    48 ||   124
  Use: Scroll            |     6 |     4 ||    10
       Potion            |     1 |       ||     1
 Stab: Invisible         |       |     1 ||     1
Armor: Scale mail        |    42 |    31 ||    73
Dodge: Dodged            |    44 |    23 ||    67
Block: Buckler           |    17 |    16 ||    33

Table legend: (Time is in decaauts)
 A = Elapsed time spent in this place.
 B = Non-inter-level travel time spent in this place.
 C = Inter-level travel time spent in this place.
 D = Time resting spent in this place.
 E = Time spent auto-exploring this place.
 F = Levels seen in this place.
 G = Mean time per level.
                   A        B        C        D        E       F      G
               +--------+--------+--------+--------+--------+-----+--------+
         Total |   2584 |   2464 |    120 |      0 |   2080 |   3 |  861.3 |
       Dungeon |   2584 |   2464 |    120 |      0 |   2080 |   3 |  861.3 |
               +--------+--------+--------+--------+--------+-----+--------+

Top non-repeatable levels by time:
     D:1: 1057 daAuts
     D:3: 846 daAuts
     D:2: 681 daAuts
